 Dungeon Crawl Stone Soup version 0.22.1-1-ga44c0e56f4 (webtiles) character file.

35 AxeAttX the Slasher (level 3, -1/26 HPs)
             Began as an Octopode Monk on Nov 1, 2018.
             Killed from afar by a dart slug (7 damage)
             ... with a slug dart
             ... on level 2 of the Dungeon.
             The game lasted 00:01:38 (864 turns).

AxeAttX the Slasher (Octopode Monk)                  Turns: 864, Time: 00:01:39

Health: -1/26      AC:  1    Str: 10    XL:     3   Next: 35%
Magic:  3/3        EV: 14    Int: 12    God:
Gold:   22         SH:  0    Dex: 15    Spells: 2/2 levels left

rFire    x . .     SeeInvis .   a - +0 falchion
rCold    + . .     Gourm    .   (no shield)
rNeg     . . .     Faith    .   (helmet restricted)
rPois    .         Spirit   .   (no amulet)
rElec    .         Reflect  .   c - ring of ice
rCorr    .         Harm     .   (no ring)
MR       .....                  (no ring)
Stlth    +++.......             (no ring)
HPRegen  0.08/turn              (no ring)
MPRegen  0.08/turn              (no ring)
                                (no ring)
                                (no ring)

@: no status effects
A: almost no armour, stealthy swim, amphibious, 8 rings, constrict 8, camouflage
1, gelatinous body 1
a: no special abilities


You were on level 2 of the Dungeon.
You were not hungry.

You visited 1 branch of the dungeon, and saw 2 of its levels.

You collected 22 gold pieces.

Inventory:

Hand Weapons
 a - a +0 falchion (weapon)
Jewellery
 c - a ring of ice (left tentacle)
   (You found it on level 1 of the Dungeon)
Scrolls
 b - 2 scrolls of amnesia
 t - a scroll of teleportation
Potions
 i - a potion of degeneration {unknown}
Comestibles
 d - a chunk of flesh
 e - 6 rations


   Skills:
 - Level 3.0 Fighting
 + Level 4.2 Long Blades
 - Level 3.0 Dodging
 - Level 3.0 Stealth


You had 2 spell levels left.
You didn't know any spells.
Your spell library was empty.

Dungeon Overview and Level Annotations

Branches:
Dungeon (2/15)

Altars:


Innate Abilities, Weirdness & Mutations

You cannot wear most types of armour.
You are very stealthy in the water. (Stealth+)
You are amphibious.
You can wear up to eight rings at the same time.
You can use your tentacles to constrict eight enemies at once.
Your skin changes colour to match your surroundings (Stealth+).
Your rubbery body absorbs attacks. (AC +1, EV +1)


Message History

You slash the dart slug! You grab the dart slug. You squeeze the dart slug.
You kill the dart slug!
You see here a dart slug corpse.
You butcher the dart slug corpse.
d - a chunk of flesh
i - a metallic dark potion Done exploring.
Done exploring.
You see here a leather armour.
There is a stone staircase leading down here.
As you read the scroll labeled FOLLODEDAM, it crumbles to dust.
It is a scroll of amnesia.
You feel forgetful for a moment.
As you read the scroll labeled DOSAQ ZYBORYX, it crumbles to dust.
You feel strangely unstable.
It was a scroll of teleportation.
t - a scroll of teleportation
As you read the scroll labeled BIOMESS OWURPH, it crumbles to dust.
It is a scroll of identify.
h - a potion of curing;
q - a potion of curing You climb downwards.
There is a stone staircase leading up here.
Your surroundings suddenly seem different.
A bat comes into view.
The bat completely misses you.
You riposte.
You hit the bat but do no damage. You grab the bat.
Found a scroll labeled ISICHEISEU.
A worm and a hobgoblin come into view.
There are monsters nearby!
You hit the bat.
The bat is severely wounded.
You constrict the bat.
You kill the bat!
The hobgoblin shouts!
You hear a shout! x2
A hobgoblin comes into view. It is wielding a club.
The worm barely misses you.
Found 3 gold pieces.
A gnoll comes into view. It is wielding a spear.
The gnoll shouts!
You hear a shout!
An ooze comes into view.
The hobgoblin barely misses you.
Found 11 gold pieces.
A goblin comes into view.
The goblin shouts!
The goblin closely misses you.
You riposte.
You hit the goblin.
You kill the goblin!
The hobgoblin barely misses you. The hobgoblin barely misses you.
You riposte.
You hit the hobgoblin. You grab the hobgoblin.
The hobgoblin is heavily wounded.
You release your grip on the hobgoblin.
The ooze closely misses you.
You slash the hobgoblin!
You kill the hobgoblin!
You hit the hobgoblin. Your grab misses the hobgoblin.
The hobgoblin is almost dead.
The hobgoblin hits you with a club.
You hit the hobgoblin but do no damage. You grab the hobgoblin.
The hobgoblin is almost dead.
You constrict the hobgoblin.
You kill the hobgoblin!
You hit the ooze.
The ooze is moderately wounded.
The ooze closely misses you.
You hit the ooze.
The ooze is heavily wounded.
The gnoll closely misses you. The ooze hits you.
You barely miss the ooze.
The ooze is heavily wounded.
The gnoll hits you from afar with a spear!
* * * LOW HITPOINT WARNING * * *
The ooze closely misses you.
You riposte.
You hit the ooze.
You kill the ooze!
Your Long Blades skill increases to level 4!
You have reached level 3!
Your experience leads to an increase in your attributes!
Increase (S)trength, (I)ntelligence, or (D)exterity?
You feel agile.
Okay, then.
Okay, then.
You feel better. The gnoll completely misses you. The gnoll misses you.
You hit the gnoll. You grab the gnoll.
The gnoll is lightly wounded.
You constrict the gnoll. The gnoll hits you with a spear.
You hit the gnoll but do no damage. You squeeze the gnoll!
You kill the gnoll!
As you open the door, it creaks loudly!
A dart slug comes into view.
Found a leather armour and 17 sling bullets.
A dart slug comes into view.
Found a scroll labeled UTWARI ZAPP.
There is an open door here.
Found a stone staircase leading up.
You see here a leather armour.
The dart slug launches a dart at you. The slug dart hits you!
* * * LOW HITPOINT WARNING * * *
You see here 17 sling bullets.
The dart slug launches a dart at you. The slug dart hits you!
You die...

#.# ######'##
...?...w.#
.........#
.........########
........ww.......
..........#######
#######.#(# #.#@#
#.#<# #.### #.


You could see a worm and 2 dart slugs.

Vanquished Creatures
  A gnoll (D:2)
  An ooze (D:2)
  A dart slug (D:1)
  3 giant cockroaches (D:1)
  4 hobgoblins
  A bat (D:2)
  5 goblins
  A kobold (D:1)
  3 rats (D:1)
20 creatures vanquished.

Notes
Turn   | Place    | Note
-------+----------+-------------------------------------------
     0 | D:1      | AxeAttX the Octopode Monk began the quest for the Orb.
     0 | D:1      | Reached XP level 1. HP: 16/16 MP: 1/1
   111 | D:1      | Reached skill level 3 in Stealth
   309 | D:1      | Reached XP level 2. HP: 21/21 MP: 2/2
   846 | D:2      | HP: 3/21 [gnoll/spear (10)]
   846 | D:2      | Reached skill level 4 in Long Blades
   846 | D:2      | Reached XP level 3. HP: 4/26 MP: 3/3
   864 | D:2      | Killed from afar by a dart slug

Skill      XL: |  1  2 |
---------------+-------+-----
Stealth        | 3 |  3.0
Long Blades    | 4 |  4.2
Fighting       | |  3.0
Dodging        | |  3.0

Action                   || total
-------------------------++-------
Melee: Falchion          ||    26
       Constrict         ||     9
       Tentacles         ||     3
  Use: Scroll            ||     3
       Potion            ||     1
 Stab: Sleeping          ||     4
Armor: Skin              ||     1
Dodge: Dodged            ||    18
       Rpst.: Falchion   ||     6

Vault maps used:
D:1:      elethiomel_arrival_maze
D:2:      lemuel_round_altar

Table legend:
 A = Turns spent in this place as a percentage of turns spent in the entire game.
 B = Non-inter-level travel turns spent in this place as a percentage of non-inter-level travel turns spent in the entire game.
 C = Inter-level travel turns spent in this place as a percentage of turns spent in this place.
 D = Turns resting spent in this place as a percentage of non-inter-level travel turns spent in this place.
 E = Turns spent auto-exploring this place as a percentage of non-inter-level travel turns spent in this place.
 F = Non-inter-level travel turns spent in this place divided by the number of levels of this place that you've seen.
                   A       B       C       D       E      F
               +-------+-------+-------+-------+-------+----------------------
         Total | 100.0 | 100.0 |   3.7 |  20.1 |  62.9 | 416.0
       Dungeon | 100.0 | 100.0 |   3.7 |  20.1 |  62.9 | 416.0
               +-------+-------+-------+-------+-------+----------------------

Table legend:
 A = Kills in this place as a percentage of kills in entire the game.
 B = Kills by you in this place as a percentage of kills by you in the entire game.
 C = Kills by friends in this place as a percentage of kills by friends in the entire game.
 D = Other kills in this place as a percentage of other kills in the entire game.
 E = Experience gained in this place as a percentage of experience gained in the entire game.
 F = Experience gained in this place divided by the number of levels of this place that you have seen.
                   A       B       C       D       E      F
               +-------+-------+-------+-------+-------+----------------------
         Total | 100.0 | 100.0 |   N/A |   N/A | 100.0 |  25.5
       Dungeon | 100.0 | 100.0 |   N/A |   N/A | 100.0 |  25.5
               +-------+-------+-------+-------+-------+----------------------
